cohdb
Replays
Latest Replays
All Replays
Popular Replays
Top Player Replays
Match Explorer
How It Works
Community
CoH3 Stats
Reddit
Sign in to upload your games and track your stats! →
Sign in with Steam
Match 39970329
Unlisted
Match 39970329
Overview
Messages
Build Orders
End
Vickers Machine Gun Team
Construct Section Command Post
Infantry Section
Infantry Section
Selects Indian Artillery Battlegroup
Grenade Package
Selects War Cry
Construct Field Infirmary
Selects Gurkha Rifles Section
Gurkha Rifles Section
Construct Platoon Command Post
Unlock Bishop Self-propelled Artillery
Selects Artillery Saturation
6-pounder Anti-tank Gun Team
Bishop Self-propelled Artillery
Selects Off-map Airburst Barrage
Bishop Self-propelled Artillery
Gurkha Rifles Section
Tortique
KaRa
Tom
Sauzer88
[LoB]Fagio
Andreuz
0
0
Comments
sign in to comment!
No comments posted yet!